 Dungeon Crawl Stone Soup version 0.21-a0-630-g344d3514eb (console) character file.

2077304 Mandevil the Sorcerer (level 27, 172/172 HPs)
             Began as a Deep Elf Necromancer on Dec 23, 2017.
             Was the Champion of Vehumet.
             Escaped with the Orb
             ... and 4 runes on Dec 25, 2017!
             The game lasted 08:27:02 (90239 turns).

Mandevil the Sorcerer (Deep Elf Necromancer)       Turns: 90239, Time: 08:27:03

Health: 172/172    AC: 18    Str:  8    XL:     27
Magic:  53/53      EV: 29    Int: 31    God:    Vehumet [******]
Gold:   6684       SH: 14    Dex: 18    Spells: 0/74 levels left

rFire    + + .     SeeInvis +   b - staff of energy
rCold    + . .     Gourm    .   f - +1 buckler "Dosuodd" {rN++ Stlth+}
rNeg     + + .     Faith    .   S - +2 robe {Archmagi}
rPois    .         Spirit   .   L - +1 hat of the Leaf {Slay+5}
rElec    +         Reflect  +   E - +1 cloak of Starlight {rElec rC+ EV+4 Stlth--}
rCorr    .         Harm     .   c - +1 pair of gloves {Str+3}
MR       +++..                  B - +2 pair of boots of Bad Feelings {rF+ Regen+ Int-4 Dex+2}
Stlth    +.........             l - brooch of Shielding {Reflect SH+8}
HPRegen  0.78/turn              v - ring "Ohewkyha" {+Blink rF+ MR+ Int+4 SInv}
MPRegen  0.33/turn              O - +5 ring of protection

@: no status effects
A: antennae 1, deformed body, dopey 1
0: Orb of Zot
}: 4/15 runes: decaying, slimy, silver, gossamer
a: Renounce Religion, Evoke Blink


You escaped.
You worshipped Vehumet.
Vehumet was exalted by your worship.
You were very full.

You visited 12 branches of the dungeon, and saw 58 of its levels.
You also visited: Wizlab.

You collected 9492 gold pieces.
You spent 2808 gold pieces at shops.

Inventory:

Hand Weapons
 a - a +9 demon blade of electrocution
 A - a +5 demon blade
Armour
 c - a +1 pair of gloves of strength (worn)
 f - the +1 buckler "Dosuodd" (worn) {rN++ Stlth+}
   (You found it on level 1 of the Vaults)

   It greatly protects you from negative energy.
   It makes you more stealthy.
 n - a +2 cloak of invisibility
 B - the +2 pair of boots of Bad Feelings (worn) {rF+ Regen+ Int-4 Dex+2}
   (You acquired it on level 3 of the Crypt)

   It affects your intelligence (-4).
   It affects your dexterity (+2).
   It protects you from fire.
   It increases your rate of regeneration.
 E - the +1 cloak of Starlight (worn) {rElec rC+ EV+4 Stlth--}
   (You found it in a wizard's laboratory)

   It affects your evasion (+4).
   It protects you from cold.
   It insulates you from electricity.
   It makes you much less stealthy.
 L - the +1 hat of the Leaf (worn) {Slay+5}
   (You acquired it on level 2 of the Lair of Beasts)

   It affects your accuracy and damage with ranged weapons and melee attacks
   (+5).
 S - a +2 robe of the Archmagi (worn)
Magical Staves
 b - an uncursed staff of energy (weapon)
Jewellery
 l - the brooch of Shielding (around neck) {Reflect SH+8}
   (You took it off a deep elf sorcerer on level 3 of the Elven Halls)

   [amulet of reflection]

   It shields you and reflects attacks.
   It affects your SH (+8).
 v - the ring "Ohewkyha" (left hand) {+Blink rF+ MR+ Int+4 SInv}
   (You found it on level 5 of the Pits of Slime)

   [ring of see invisible]

   It affects your intelligence (+4).
   It protects you from fire.
   It affects your resistance to hostile enchantments.
   It lets you see invisible.
   It lets you blink.
 x - the ring "Podaigod" {rC+ rN+}
   (You found it on level 3 of the Crypt)

   [ring of positive energy]

   It protects you from cold.
   It protects you from negative energy.
 H - an uncursed ring of fire
 O - a +5 ring of protection (right hand)
 P - the ring of the Twelve Moons {rElec rN+ Dex+4}
   (You found it on level 3 of the Crypt)

   [ring of positive energy]

   It affects your dexterity (+4).
   It insulates you from electricity.
   It protects you from negative energy.
 U - an uncursed ring of protection from fire
 W - an uncursed ring of resist corrosion
 X - a +4 ring of evasion
 Y - an uncursed ring of poison resistance
Wands
 w - a wand of paralysis (40)
 C - a wand of acid (49)
 D - a wand of clouds (14)
 G - a wand of iceblast (54)
 K - a wand of polymorph (35)
 Q - a wand of scattershot (9)
 R - a wand of digging (41)
 T - a wand of enslavement (12)
Scrolls
 d - 13 scrolls of blinking
 e - 26 scrolls of remove curse
 g - 3 scrolls of immolation
 i - 25 scrolls of teleportation
 j - 9 scrolls of fog
 y - 6 scrolls of amnesia
 I - 14 scrolls of identify
Potions
 m - 21 potions of curing
 p - 9 potions of ambrosia
 r - a potion of haste
 s - 2 potions of magic
 z - 15 potions of might
 F - 2 potions of agility
 M - 2 potions of cancellation
 N - 11 potions of heal wounds
 V - 3 potions of resistance
 Z - 4 potions of invisibility
Miscellaneous
 k - 6 phantom mirrors
 t - 3 boxes of beasts
 J - a lightning rod (4/4)
Comestibles
 u - 63 rations


   Skills:
 + Level 17.4 Fighting
   Level 5.5(11.8) Short Blades
 - Level 14.6(14.8) Long Blades
 - Level 10.7 Armour
 + Level 15.7 Dodging
 - Level 2.4 Stealth
 - Level 4.0 Shields
 - Level 24.0 Spellcasting
 - Level 23.7 Conjurations
 - Level 6.0 Charms
 - Level 9.9 Necromancy
 - Level 23.8 Fire Magic
 - Level 6.7 Air Magic
 - Level 8.3 Earth Magic
 - Level 6.7 Poison Magic
 + Level 16.9 Evocations


You couldn't memorise any spells.
You knew the following spells:

 Your Spells              Type           Power        Failure   Level  Hunger
b - Borgnjor's Vile Clut  Necr/Erth      #######...   1%          5    None
c - Bolt of Fire          Conj/Fire      ########..   0%          6    None
g - Ignition              Fire           ########..   1%          8    None
i - Iron Shot             Conj/Erth      ########..   1%          6    None
l - Chain Lightning       Conj/Air       ########..   2%          8    None
p - Poison Arrow          Conj/Pois      ########..   1%          6    None
D - Animate Dead          Necr           N/A          1%          4    None
F - Fireball              Conj/Fire      ########..   0%          5    None
G - Ring of Flames        Chrm/Fire      ########..   1%          7    None
O - Orb of Destruction    Conj           ########..   1%          7    None
R - Regeneration          Chrm/Necr      #######...   1%          3    None
X - Fire Storm            Conj/Fire      ########..   1%          9    None


Dungeon Overview and Level Annotations

Branches:
Dungeon (15/15)            Temple (1/1) D:7            Lair (6/6) D:9
  Swamp (4/4) Lair:4       Spider (4/4) Lair:2        Slime (5/5) Lair:6
    Orc (2/2) D:9             Elf (3/3) Orc:2        Vaults (5/5) D:13
  Crypt (3/3) Vaults:2       Tomb (0/3) Crypt:3      Depths (5/5) D:15
    Zot (5/5) Depths:5

Altars:
Ashenzari
Cheibriados
Dithmenos
Elyvilon
Fedhas
Gozag
Hepliaklqana
Kikubaaqudgha
Makhleb
Nemelex Xobeh
Okawaru
Qazlal
Ru
Sif Muna
Trog
Uskayaw
Vehumet
Wu Jian
Xom
Yredelemnul
Zin
The Shining One
Beogh
Jiyva

Shops:
D:9 [(   Orc:2 (=([   Vaults:1 **[:   Vaults:2 (   Vaults:4 *

Portals:
Hell: Depths:1 Depths:2 Depths:3 Depths:4 Depths:5
Abyss: Depths:4 Depths:5
Pandemonium: Depths:3 Depths:4
Ziggurat: Depths:2

Annotations:
D:4 exclusion: quasit
Lair:4 exclusion: door
Lair:5 1 runed door
Depths:2 2 runed doors


Innate Abilities, Weirdness & Mutations

You have a pair of small antennae on your head.
Armour fits poorly on your strangely shaped body.
You are dopey. (Int -2)


Message History

Where to? (* - list waypoints, Enter - D:1 @ (x,y), ? - help)
A chaos spawn comes into view.
Casting: Poison Arrow
Confirm with . or Enter, or press ? or * to list all spells.
Aiming: Iron Shot
Press: ? - help, Shift-Dir - straight line, f - chaos spawn
Aim: a chaos spawn You feel a surge of power!
The iron shot hits the chaos spawn.
You kill the chaos spawn!
Vehumet accepts your kill.
You feel your power returning.
The chaos spawn degenerates into a cloud of primal chaos!
(D) Dungeon (T) Temple (L) Lair (S) Swamp (N) Spider Nest (M) Slime Pits (O) Orcish Mines (E) Elven Halls (V) Vaults (C) Crypt (W) Tomb (U) Depths (H) Hell (Z) Zot
Where to? (* - list waypoints, Enter - D:1 @ (x,y), ? - help) Magic restored.
There is a staircase leading out of the dungeon here.
You have escaped!

#.......................
#.......................
#...#######...#####...##
#...# #...# #...# #...#
#...# #...## #...#
#...#####.....
#...#######.............
#.......................
#..((..e........#####...
#........####...# #...
#...##...# #...# #...
#...##...####...#####...
#.......................
#.......................
########################


There were no monsters in sight!

Vanquished Creatures
  the Royal Jelly (Slime:5)
  5 orbs of fire (Zot:5)
  Mara (Elf:3)
  Mennas (Vaults:4)
  A juggernaut (Depths:5)
  5 ancient liches
  Sojobo (Depths:5)
  2 Killer Klowns (Zot:5)
  A caustic shrike (Depths:3)
  2 curse toes
  Xtahua (Depths:3)
  11 golden dragons
  Nikola (Elf:1)
  the Enchantress (Depths:2)
  A bone dragon (Crypt:3)
  A profane servitor (Crypt:3)
  2 electric golems (Zot:5)
  Jorgrun (Depths:5)
  20 tentacled monstrosities
  22 Orb Guardians (Zot:5)
  A shard shrike skeleton (Crypt:2)
  5 titans
  6 quicksilver dragons
  2 quicksilver dragons (shapeshifter) (Depths:4)
  6 liches
  18 acid blobs
  A tentacled starspawn (WizLab)
  An eldritch tentacle (WizLab)
  An ancient champion (Crypt:3)
  5 death cobs
  5 sphinxes
  A storm dragon (shapeshifter) (Depths:4)
  2 draconian monks
  3 shadow dragons
  The ghost of loom the Warrior, a journeyman DrFE of Vehumet (Spider:1)
  An azure jelly (shapeshifter) (Depths:4)
  7 storm dragons
  Roxanne (Swamp:4)
  A daeva (D:15)
  13 tengu reavers
  3 revenants
  13 fire giants
  The ghost of GordonOverkill the Severer, a journeyman HOAr of Okawaru (D:14)
  3 orc warlords
  10 azure jellies
  A balrug (Depths:1)
  10 frost giants
  4 draconian knights
  Louise (Spider:3)
  2 iron dragons (Depths:4)
  13 deep elf sorcerers
  10 emperor scorpions
  6 ghouls
  9 ghost moths
  Aizul (Swamp:1)
  22 vault wardens
  A ghost moth (shapeshifter) (Vaults:4)
  6 draconian stormcallers
  3 war gargoyles
  A cacodemon (Depths:2)
  5 draconian annihilators
  6 draconian scorchers
  2 deep elf elementalists (Elf:3)
  A reaper (Zot:5)
  3 spriggan defenders (Depths:2)
  12 ironheart preservers
  2 draconian shifters
  13 stone giants
  An entropy weaver (Spider:4)
  24 very ugly things
  The ghost of daggaz the Arsonist, a journeyman DEFE of Vehumet (Orc:1)
  8 red draconians
  10 black draconians
  5 vampire knights
  8 deep elf annihilators
  A dire elephant (Lair:6)
  11 green draconians
  Azrael (Spider:1)
  8 yellow draconians
  Nessos (Orc:2)
  15 white draconians
  8 deep elf demonologists
  13 purple draconians
  A lorocyproca (Zot:5)
  11 spark wasps
  A blizzard demon (Depths:2)
  An eidolon (WizLab)
  9 deep elf death magi
  6 death oozes (Slime:5)
  A quicksilver dragon zombie (Crypt:2)
  A green death (Depths:2)
  18 ettins
  A crystal guardian (Depths:4)
  Josephine (Lair:5)
  The ghost of katzbalger the Carver, a journeyman FoGl of Uskayaw (D:13)
  8 deep elf high priests
  12 fire dragons
  2 rakshasas
  15 yaktaur captains
  10 great orbs of eyes
  25 jiangshi
  6 ice dragons
  28 vault guards
  5 ghost crabs
  22 hydras
  2 anacondas (shapeshifter)
  4 catoblepae
  13 centaur warriors
  4 death knights
  7 spriggan air magi
  26 dancing weapons
  4 alligators
  47 two-headed ogres
  11 death yaks
  A spectral fire giant (Crypt:3)
  13 ogre magi
  5 tengu warriors
  6 orc high priests
  3 thrashing horrors (WizLab)
  7 deep troll shamans
  8 deep troll earth magi
  2 sun demons (Depths:1)
  5 vampire magi
  16 hell knights
  4 spriggan berserkers
  19 deep elf knights
  A spectral emperor scorpion (Crypt:3)
  A soul eater (Crypt:2)
  2 shadow wraiths
  4 iron trolls (Depths:5)
  A fire crab (shapeshifter) (Elf:3)
  An unseen horror (shapeshifter) (Depths:2)
  20 deep trolls
  2 sixfirhies
  24 skeletal warriors
  An iron troll (shapeshifter) (Depths:4)
  6 wizards
  6 flayed ghosts
  2 spriggan druids (Swamp:4)
  6 glowing orange brains
  8 swamp dragons
  4 unseen horrors
  A deep troll (shapeshifter) (Depths:4)
  15 phantasmal warriors
  A shadow dragon zombie (Crypt:2)
  19 deep elf archers
  20 ironbrand convokers
  4 necromancers
  3 shambling mangroves (Swamp:4)
  An obsidian statue (WizLab)
  A lindwurm (Lair:6)
  2 harpies (shapeshifter)
  18 orb spiders
  Pikel (D:4)
  5 harpies (Vaults:5)
  32 wolf spiders
  31 ugly things
  4 orc sorcerers
  21 orc knights
  A shadow dragon skeleton (Crypt:1)
  2 shining eyes (Slime:1)
  A wolf spider zombie (D:14)
  2 elephants (Lair:6)
  84 slime creatures
  78 deep elf magi
  3 cyclopes
  2 manticores
  A worldbinder (WizLab)
  25 moths of wrath
  A frost giant skeleton (Crypt:1)
  2 salamanders (Depths:2)
  20 vault sentinels
  A fire giant skeleton (Crypt:1)
  A stone giant skeleton (WizLab)
  2 rust devils
  2 eyes of devastation
  A black mamba (shapeshifter) (Vaults:2)
  A water nymph (shapeshifter) (Vaults:5)
  2 guardian serpents (shapeshifter)
  4 smoke demons
  5 black mambas
  2 naga magi (Depths:4)
  A titan simulacrum (Crypt:3)
  A molten gargoyle (Depths:3)
  19 spiny frogs
  An orange demon (Depths:2)
  2 centaur skeletons (D:14)
  A gargoyle (D:14)
  A rime drake (shapeshifter) (Elf:3)
  2 torpor snails
  An emperor scorpion zombie (Crypt:3)
  6 kobold demonologists
  An efreet (WizLab)
  8 freezing wraiths
  A tormentor (WizLab)
  10 komodo dragons
  54 yaktaurs
  A green draconian zombie (Crypt:1)
  6 demonic crawlers
  A yaktaur (shapeshifter) (Elf:2)
  2 ancient zymes (WizLab)
  29 jumping spiders
  4 hellwings
  A death yak skeleton (Crypt:1)
  3 red devils
  7 tengu conjurers
  8 trolls
  An ice devil (WizLab)
  3 meliai (D:14)
  A queen bee (shapeshifter) (Vaults:3)
  A wind drake (WizLab)
  A wind drake (shapeshifter) (Vaults:5)
  4 polar bears
  7 tyrant leeches
  10 bog bodies
  2 wolf spider simulacra (D:15)
  17 hornets
  A dream sheep (shapeshifter) (Vaults:3)
  A harpy skeleton (D:15)
  10 hippogriffs
  A slime creature (shapeshifter) (Vaults:5)
  6 small abominations
  24 blink frogs
  A raiju (shapeshifter) (Vaults:4)
  2 meliai zombies
  4 air elementals
  A frost giant simulacrum (Vaults:3)
  A fire dragon zombie (Crypt:2)
  32 redbacks
  8 spriggans
  Sigmund (D:2)
  3 ynoxinuls
  13 shadows
  7 water elementals
  51 flying skulls
  2 vampires
  An ettin skeleton (Crypt:1)
  16 wraiths
  20 yaks
  2 large abominations (WizLab)
  16 tarantellas
  A wyvern (D:11)
  A wyvern (shapeshifter) (D:13)
  A wind drake zombie (Crypt:2)
  2 basilisks (shapeshifter)
  2 fire bats (Depths:2)
  Eustachio (D:4)
  8 golden eyes
  A golden eye (shapeshifter) (Elf:1)
  4 basilisks
  5 fire elementals
  A human (Depths:2)
  A steam dragon (Lair:2)
  12 vampire mosquitoes
  A hungry ghost (D:11)
  A yaktaur simulacrum (Vaults:2)
  A hog (shapeshifter) (Vaults:5)
  2 chaos spawn
  18 insubstantial wisps
  5 spatial vortices (WizLab)
  7 wargs
  Menkaure (D:6)
  A deep troll zombie (Crypt:1)
  A harpy simulacrum (D:15)
  An acid dragon (Vaults:1)
  25 swamp worms
  A floating eye (Depths:3)
  Edmund (D:6)
  4 hell hounds (Spider:1)
  5 porcupines
  10 water moccasins
  16 swamp drakes
  2 slaves (D:4)
  8 ice beasts
  2 sky beasts
  5 black bears
  A sky beast (shapeshifter) (Vaults:5)
  7 necrophages
  58 orc warriors
  A phantom (D:8)
  6 eyes of draining
  26 ogres
  9 wolves
  An eye of draining (shapeshifter) (Vaults:4)
  9 boggarts
  20 centaurs
  10 crocodiles
  4 big kobolds
  Blork the orc (D:4)
  A hog skeleton (Crypt:2)
  A rime drake skeleton (Crypt:2)
  12 bullfrogs
  5 earth elementals
  A bullfrog (shapeshifter) (Vaults:4)
  An ogre simulacrum (Vaults:1)
  A scorpion (D:11)
  A wyvern skeleton (D:11)
  A spriggan zombie (Crypt:2)
  A queen bee zombie (Crypt:1)
  A water moccasin skeleton (D:6)
  2 human simulacra
  A raiju skeleton (WizLab)
  3 killer bees (D:8)
  7 wights
  2 howler monkeys
  5 electric eels
  7 crimson imps
  5 centaur zombies
  A quasit (D:10)
  6 hounds
  A jelly (D:6)
  26 orc priests
  Crazy Yiuf (D:2)
  A bullfrog skeleton (D:9)
  An iron imp (Depths:3)
  23 orc wizards
  5 iguanas
  Natasha (thrice) (D:2)
  5 hell rats
  11 worker ants
  A naga zombie (Crypt:2)
  A deep dwarf skeleton (Crypt:1)
  A hound skeleton (Crypt:1)
  4 adders
  8 gnolls
  A steam dragon zombie (Crypt:1)
  A white imp (Depths:1)
  2 oozes
  An adder skeleton (D:6)
  4 worms
  9 dart slugs
  2 leopard geckos
  98 orcs
  A giant cockroach (D:2)
  11 hobgoblins
  13 jackals
  2 quokkas
  A ball python (D:1)
  12 bats
  A frilled lizard (D:4)
  8 goblins
  12 kobolds
  A kobold zombie (Crypt:1)
  A leopard gecko zombie (Crypt:1)
  An orc zombie (Crypt:2)
  5 rats
  A fire vortex (Crypt:3)
  A fungus (Lair:6)
  A plant (Depths:5)
  A withered plant (Swamp:1)
2445 creatures vanquished.

Vanquished Creatures (collateral kills)
  A golden dragon (Depths:4)
  2 tentacled monstrosities
  The ghost of MirrMurr the Markscentaur, an adept CeBe of Trog (Spider:4)
  2 death cobs
  A tengu reaver (Depths:4)
  A shadow dragon (Zot:1)
  A draconian monk (Zot:4)
  An azure jelly (Slime:5)
  A fire giant (Vaults:4)
  A frost giant (Depths:4)
  A vault warden (Vaults:1)
  A draconian stormcaller (Depths:5)
  2 draconian annihilators
  4 very ugly things
  4 ironheart preservers
  A stone giant (Depths:2)
  2 green draconians
  An entropy weaver (Spider:2)
  A vampire knight (Crypt:1)
  A spark wasp (Depths:2)
  2 ettins
  A red draconian (Zot:1)
  A fire dragon (Depths:5)
  A great orb of eyes (Depths:3)
  2 hydras
  A spriggan air mage (Depths:4)
  A centaur warrior (Depths:2)
  5 two-headed ogres
  An alligator (Swamp:1)
  A deep troll shaman (Lair:6)
  An ogre mage (Vaults:2)
  2 deep elf knights
  An unseen horror (D:15)
  A wizard (Depths:2)
  A hell knight (Depths:4)
  A deep troll (Depths:1)
  2 swamp dragons (Swamp:4)
  A shambling mangrove (Swamp:3)
  A spriggan druid (Swamp:1)
  3 orc knights
  3 orb spiders (Spider:4)
  4 wolf spiders
  8 ugly things
  A salamander (shapeshifter) (Vaults:3)
  A deep elf mage (Vaults:1)
  A salamander (Depths:2)
  A manticore (shapeshifter) (Depths:1)
  2 elephants (Lair:6)
  A manticore (D:15)
  A black mamba (Lair:6)
  6 spiny frogs
  3 yaktaurs
  A green draconian zombie (Crypt:2)
  6 demonic crawlers
  6 komodo dragons
  6 jumping spiders
  A polar bear (D:15)
  6 bog bodies
  4 blink frogs
  5 slime creatures
  2 dream sheep (D:11)
  3 hippogriffs
  14 redbacks
  16 yaks
  2 flying skulls (Crypt:3)
  A shadow (Crypt:1)
  A wyvern (D:13)
  6 tarantellas
  A basilisk (D:12)
  A fire elemental (Elf:2)
  2 spriggans (Swamp:1)
  10 vampire mosquitoes
  A wind drake skeleton (Crypt:2)
  A warg (Vaults:4)
  3 insubstantial wisps
  3 swamp worms
  4 water moccasins
  A hell hound (Spider:1)
  A floating eye (shapeshifter) (Depths:4)
  A slave (D:4)
  3 swamp drakes (Swamp:4)
  An orc warrior (Orc:1)
  6 ogres
  A hornet zombie (D:11)
  2 crocodiles
  2 centaurs
  A big kobold (D:11)
  A big kobold (shapeshifter) (Vaults:4)
  5 bullfrogs
  A yaktaur skeleton (Crypt:2)
  3 killer bees (D:8)
  A crimson imp (D:12)
  A bullfrog zombie (D:12)
  2 bullfrog skeletons
  A hound (D:12)
  A centaur skeleton (D:11)
  3 orc priests
  A jelly (D:10)
  Jessica (D:2)
  5 orc wizards
  A worker ant (D:13)
  A worker ant zombie (D:9)
  A shadow imp (D:12)
  2 ufetubi (D:15)
  A dart slug (D:3)
  10 orcs
  A bat (D:2)
  2 goblins (D:3)
  A jackal (D:6)
  A kobold (D:3)
  A rat (D:3)
  A butterfly (Lair:1)
  2 fungi
268 creatures vanquished.

Vanquished Creatures (others)
  3 stone giants
  3 yaktaur captains
  A fire dragon (Vaults:4)
  2 centaur warriors
  A deep elf knight (Elf:2)
  A deep elf archer (Vaults:1)
  2 cyclopes
  A deep elf mage (Elf:1)
  A moth of wrath (Zot:5)
  A vault sentinel (Vaults:5)
  2 yaktaurs
  A hornet (Swamp:3)
  A tyrant leech (Swamp:3)
  2 spriggans (Swamp:3)
  2 humans (Depths:2)
  A slave (D:4)
  An ogre (Vaults:1)
  110 fire vortices
  12 fungi
  12 plants
  2 starspawn tentacles (WizLab)
  3 withered plants (Swamp:1)
165 creatures vanquished.

Grand Total: 2878 creatures vanquished

Notes
Turn   | Place    | Note
-------+----------+-------------------------------------------
     0 | D:1      | Mandevil the Deep Elf Necromancer began the quest for the Orb.
     0 | D:1      | Reached XP level 1. HP: 10/10 MP: 6/6
   250 | D:1      | Reached skill level 5 in Necromancy
   250 | D:1      | Reached XP level 2. HP: 3/16 MP: 4/8
   253 | D:1      | Learned a level 1 spell: Animate Skeleton
  1281 | D:2      | Noticed Jessica
  1584 | D:2      | Noticed Natasha
  1599 | D:2      | Killed Natasha
  1599 | D:2      | Reached skill level 1 in Fighting
  1599 | D:2      | Reached XP level 3. HP: 20/20 MP: 5/10
  1613 | D:2      | Learned a level 3 spell: Vampiric Draining
  1617 | D:2      | Learned a level 3 spell: Regeneration
  1810 | D:2      | Reached skill level 4 in Spellcasting
  1811 | D:2      | Noticed Natasha
  1833 | D:2      | Killed Natasha
  1833 | D:2      | Reached skill level 1 in Charms
  1833 | D:2      | Reached XP level 4. HP: 9/25 MP: 6/12
  2148 | D:2      | Found a sparkling altar of Nemelex Xobeh.
  2150 | D:2      | Found a blossoming altar of Fedhas.
  2210 | D:2      | Found a white marble altar of Elyvilon.
  2210 | D:2      | Found a shimmering altar of Xom.
  2213 | D:2      | Found a hazy altar of Hepliaklqana.
  2216 | D:2      | Found a deep blue altar of Sif Muna.
  2287 | D:2      | Killed Jessica
  2856 | D:2      | Noticed Natasha
  2858 | D:2      | Noticed Sigmund
  2869 | D:2      | Killed Natasha
  2869 | D:2      | Reached XP level 5. HP: 21/30 MP: 8/14
  3129 | D:2      | Found a runed door.
  3133 | D:2      | Noticed Crazy Yiuf
  3138 | D:2      | Killed Crazy Yiuf
  3138 | D:2      | Reached skill level 5 in Spellcasting
  3227 | D:2      | Killed Sigmund
  3227 | D:2      | Reached skill level 1 in Shields
  3227 | D:2      | Reached XP level 6. HP: 35/35 MP: 14/16
  4161 | D:4      | Noticed Blork the orc
  4166 | D:4      | Killed Blork the orc
  4166 | D:4      | Reached skill level 6 in Spellcasting
  4416 | D:4      | Reached XP level 7. HP: 27/40 MP: 11/18
  4619 | D:4      | Learned a level 4 spell: Animate Dead
  4621 | D:4      | Noticed Pikel
  4650 | D:4      | Killed Pikel
  4650 | D:4      | Reached skill level 7 in Spellcasting
  4650 | D:4      | Reached XP level 8. HP: 42/44 MP: 8/21
  4751 | D:4      | Noticed Eustachio
  4793 | D:4      | Killed Eustachio
  4795 | D:4      | Got a translucent granite ring
  4879 | D:4      | Identified the ring of Ritaf {Int+2 Stlth-} (You took it off Eustachio on level 4 of the Dungeon)
  5284 | D:5      | Entered Level 5 of the Dungeon
  5334 | D:5      | Reached skill level 8 in Spellcasting
  6070 | D:6      | Noticed Menkaure
  6082 | D:6      | Killed Menkaure
  6198 | D:6      | Noticed Edmund
  6214 | D:6      | Killed Edmund
  6257 | D:6      | Reached skill level 9 in Spellcasting
  6712 | D:6      | Reached XP level 9. HP: 43/51 MP: 15/24
  7044 | D:7      | Found a staircase to the Ecumenical Temple.
  7053 | Temple   | Entered the Ecumenical Temple
  7101 | Temple   | Became a worshipper of Vehumet
  7515 | D:7      | Gained mutation: You are resistant to hostile enchantments. (MR+) [potion of mutation]
  7515 | D:7      | Gained mutation: You are partially covered in yellow scales. (AC +2) [potion of mutation]
  7673 | D:8      | Reached skill level 10 in Spellcasting
  8348 | D:8      | Learned a level 5 spell: Borgnjor's Vile Clutch
  8430 | D:9      | Reached skill level 1 in Earth Magic
  8431 | D:9      | Found Quvomioh's Armour Emporium.
  8435 | D:9      | Found a staircase to the Orcish Mines.
  8470 | D:9      | Found Plog's Weapon Emporium.
  8556 | D:9      | Reached * piety under Vehumet
  8556 | D:9      | Offered knowledge of Magic Dart by Vehumet.
  8556 | D:9      | Reached skill level 5 in Fighting
  8556 | D:9      | Reached skill level 1 in Evocations
  8605 | D:9      | Found a staircase to the Lair.
  8768 | D:9      | Noticed a centaur warrior
  8792 | D:9      | Killed a centaur warrior
  8792 | D:9      | Reached XP level 10. HP: 34/60 MP: 10/26
  9191 | D:10     | Entered Level 10 of the Dungeon
  9653 | D:10     | Noticed a two-headed ogre
  9691 | D:10     | Killed a two-headed ogre
  9691 | D:10     | Reached skill level 5 in Earth Magic
  9691 | D:10     | Reached skill level 5 in Evocations
  9734 | D:10     | Reached ** piety under Vehumet
  9734 | D:10     | Offered knowledge of Shock by Vehumet.
 10022 | D:11     | Found a basalt altar of Yredelemnul.
 10303 | D:11     | Reached skill level 11 in Spellcasting
 10337 | D:11     | Found a labyrinth entrance.
 10418 | Lair:1   | Entered Level 1 of the Lair of Beasts
 10482 | Lair:1   | Reached XP level 11. HP: 67/67 MP: 26/28
 10722 | Lair:1   | Offered knowledge of Stone Arrow by Vehumet.
 10821 | Lair:1   | Learned a level 3 spell: Stone Arrow
 11121 | Lair:1   | Reached *** piety under Vehumet
 11191 | Lair:1   | Reached skill level 5 in Dodging
 11546 | Lair:2   | Identified a scroll of acquirement
 11547 | Lair:2   | Got a jewelled hat
 11558 | Lair:2   | Identified the +1 hat of the Leaf {Slay+5} (You acquired it on level 2 of the Lair of Beasts)
 11760 | Lair:2   | Reached skill level 1 in Conjurations
 12070 | Lair:2   | Found a hole to the Spider Nest.
 12186 | Lair:2   | Reached skill level 12 in Spellcasting
 12340 | Lair:2   | Learned a level 5 spell: Fireball
 12347 | Lair:2   | Learned a level 6 spell: Bolt of Fire
 12520 | Lair:2   | Reached skill level 1 in Fire Magic
 12634 | Lair:3   | Offered knowledge of Dazzling Spray by Vehumet.
 13086 | Lair:3   | Reached XP level 12. HP: 73/73 MP: 25/30
 13494 | Lair:4   | Noticed a catoblepas
 13523 | Lair:4   | Noticed a death yak
 13524 | Lair:4   | Killed a catoblepas
 13529 | Lair:4   | Killed a death yak
 13749 | Lair:4   | Got a fine mace
 13752 | Lair:4   | Identified the cursed +1 mace of Tenacity {drain, +Blink MR- Int+3 Stlth+} (You found it on level 4 of the Lair of Beasts)
 13815 | Lair:4   | Reached skill level 5 in Fire Magic
 13854 | Lair:4   | Noticed a six-headed hydra
 13861 | Lair:4   | Killed a six-headed hydra
 13861 | Lair:4   | Reached skill level 1 in Short Blades
 14327 | Lair:4   | Found a staircase to the Swamp.
 14501 | Lair:5   | Noticed a death yak
 14502 | Lair:5   | Noticed a death yak
 14509 | Lair:5   | Noticed a death yak
 14511 | Lair:5   | Noticed a death yak
 14516 | Lair:4   | Killed a death yak
 14664 | Lair:4   | Reached **** piety under Vehumet
 14802 | Lair:4   | Reached skill level 5 in Conjurations
 14915 | Lair:4   | Reached skill level 13 in Spellcasting
 15054 | Lair:5   | Noticed Josephine
 15061 | Lair:5   | Killed Josephine
 15106 | Lair:5   | Offered knowledge of Bolt of Magma by Vehumet.
 15713 | Lair:4   | Killed a death yak
 15783 | Lair:4   | Killed a death yak
 15892 | Lair:4   | Killed a death yak
 16083 | Lair:5   | Found a runed door.
 16095 | Lair:6   | Entered Level 6 of the Lair of Beasts
 16095 | Lair:6   | Found a viscous altar of Jiyva.
 16101 | Lair:5   | Reached XP level 13. HP: 78/78 MP: 25/32
 16124 | Lair:6   | Found a staircase to the Slime Pits.
 16516 | Lair:6   | Learned a level 6 spell: Iron Shot
 16589 | Lair:6   | Reached ***** piety under Vehumet
 16629 | Lair:6   | Offered knowledge of Bolt of Draining by Vehumet.
 17034 | Lair:6   | Reached skill level 10 in Evocations
 17661 | Lair:6   | Reached skill level 14 in Spellcasting
 17672 | Lair:6   | Reached skill level 5 in Short Blades
 18343 | Lair:6   | Noticed a dire elephant
 18353 | Lair:6   | Killed a dire elephant
 18387 | Lair:6   | Got a fine battleaxe
 18388 | Lair:6   | Identified the +7 battleaxe of the Hidden Vale {antimagic, MR++ Dex+2} (You found it on level 6 of the Lair of Beasts)
 18648 | Orc:1    | Entered Level 1 of the Orcish Mines
 18663 | Orc:1    | Noticed daggaz's ghost (journeyman DEFE)
 19401 | D:11     | Reached XP level 14. HP: 47/83 MP: 12/34
 20218 | D:12     | Offered knowledge of Conjure Ball Lightning by Vehumet.
 20395 | D:13     | Reached skill level 15 in Spellcasting
 20432 | D:13     | Noticed katzbalger's ghost (journeyman FoGl)
 20445 | D:13     | Killed katzbalger's ghost
 21001 | D:13     | Found a gate to the Vaults.
 21280 | Orc:1    | Killed daggaz's ghost
 21442 | Orc:1    | Found a roughly hewn altar of Beogh.
 21592 | Orc:2    | Entered Level 2 of the Orcish Mines
 21592 | Orc:2    | Found a roughly hewn altar of Beogh.
 22800 | Orc:2    | Found a roughly hewn altar of Beogh.
 22818 | Orc:2    | Found a roughly hewn altar of Beogh.
 22836 | Orc:2    | Found Puoru's Jewellery Boutique.
 22932 | Orc:2    | Found a staircase to the Elven Halls.
 22970 | Orc:2    | Found a roughly hewn altar of Beogh.
 23002 | Orc:2    | Found Vezxebil's Weapon Emporium.
 23124 | Orc:2    | Found a roughly hewn altar of Beogh.
 23263 | Orc:2    | Found a roughly hewn altar of Beogh.
 23370 | Orc:2    | Noticed Nessos
 23374 | Orc:2    | Killed Nessos
 23815 | Orc:2    | Noticed an orc warlord
 23823 | Orc:2    | Killed an orc warlord
 23845 | Orc:2    | Offered knowledge of Venom Bolt by Vehumet.
 24058 | Orc:2    | Found a roughly hewn altar of Beogh.
 24058 | Orc:2    | Found Bethoaga's Antique Armour Shoppe.
 24062 | Orc:2    | Found Ceusmas's Antique Weapon Emporium.
 24181 | Orc:2    | Found a roughly hewn altar of Beogh.
 24253 | Orc:2    | Reached skill level 10 in Conjurations
 24289 | Orc:2    | Found a roughly hewn altar of Beogh.
 24573 | Orc:2    | Bought a +4 amulet of reflection for 405 gold pieces
 24606 | Orc:2    | Bought a +0 demon blade of electrocution for 513 gold pieces
 24640 | Orc:2    | Bought a +4 ring of evasion for 540 gold pieces
 24642 | Orc:2    | Bought an uncursed ring of poison resistance for 300 gold pieces
 24678 | D:9      | Bought a +0 pair of boots of stealth for 138 gold pieces
 25080 | D:14     | Reached skill level 1 in Long Blades
 25284 | D:14     | Reached XP level 15. HP: 90/90 MP: 12/36
 25329 | D:14     | Noticed GordonOverkill's ghost (journeyman HOAr)
 25559 | D:14     | Found an opulent altar of Gozag.
 25996 | D:14     | You fall through a shaft!
 25996 | D:15     | Entered Level 15 of the Dungeon
 26032 | D:15     | Reached skill level 16 in Spellcasting
 27554 | D:15     | Offered knowledge of Spellforged Servitor by Vehumet.
 27685 | D:15     | Found a staircase to the Depths.
 27705 | D:15     | Noticed a fire giant
 27948 | D:15     | Killed a fire giant
 28364 | D:14     | Killed GordonOverkill's ghost
 28686 | Swamp:1  | Entered Level 1 of the Swamp
 29194 | Swamp:1  | Found a snail-covered altar of Cheibriados.
 29196 | Swamp:1  | Noticed Aizul
 29214 | Swamp:1  | Killed Aizul
 29214 | Swamp:1  | Reached skill level 10 in Fighting
 29383 | Swamp:1  | Got a crude sapphire amulet
 29384 | Swamp:1  | Identified the amulet of Gozag's Regard {Harm *Drain Dex+3} (You found it on level 1 of the Swamp)
 29547 | Swamp:1  | Got a jewelled falchion
 29548 | Swamp:1  | Identified the +10 falchion of Holie {flame, *Rage Dex+8} (You found it on level 1 of the Swamp)
 30430 | Swamp:2  | Reached skill level 5 in Long Blades
 30547 | Swamp:2  | Offered knowledge of Poison Arrow by Vehumet.
 30562 | Swamp:1  | Learned a level 6 spell: Poison Arrow
 30781 | Swamp:2  | Reached skill level 1 in Poison Magic
 30927 | Swamp:2  | Reached skill level 17 in Spellcasting
 31847 | Swamp:2  | Reached XP level 16. HP: 97/97 MP: 32/39
 32035 | Swamp:2  | Identified the +5 ring mail "Wirueruq" {Str+2} (You found it on level 2 of the Swamp)
 32903 | Swamp:3  | Reached skill level 5 in Poison Magic
 33472 | Swamp:4  | Entered Level 4 of the Swamp
 33491 | Swamp:3  | Offered knowledge of Orb of Destruction by Vehumet.
 33652 | Swamp:3  | Learned a level 7 spell: Orb of Destruction
 35478 | Swamp:4  | Noticed Roxanne
 35496 | Swamp:4  | Killed Roxanne
 35603 | Swamp:4  | Reached skill level 18 in Spellcasting
 35849 | Swamp:4  | Got a decaying rune of Zot
 35851 | Swamp:4  | Got a warped ring mail
 35862 | Swamp:4  | Identified the +5 ring mail "Ickatoho" {Str+3 Dex+4} (You acquired it on level 4 of the Swamp)
 36052 | D:9      | Bought a +0 cloak of poison resistance for 102 gold pieces
 36148 | Spider:1 | Entered Level 1 of the Spider Nest
 36368 | Spider:1 | Reached ****** piety under Vehumet
 36369 | Spider:1 | Noticed loom's ghost (journeyman DrFE)
 36402 | Spider:1 | Killed loom's ghost
 36402 | Spider:1 | Offered knowledge of Ozocubu's Refrigeration by Vehumet.
 36729 | Spider:1 | Noticed Azrael
 37286 | Spider:1 | Killed Azrael
 37290 | Spider:1 | Reached XP level 17. HP: 100/103 MP: 20/41
 39517 | Spider:3 | Noticed Louise
 39536 | Spider:3 | Killed Louise
 40146 | Spider:3 | Offered knowledge of Fire Storm by Vehumet.
 40146 | Spider:3 | Offered knowledge of Chain Lightning by Vehumet.
 40146 | Spider:3 | Offered knowledge of Tornado by Vehumet.
 40486 | Spider:4 | Entered Level 4 of the Spider Nest
 40529 | Spider:4 | Noticed MirrMurr's ghost (adept CeBe)
 40826 | Spider:4 | Killed MirrMurr's ghost
 42223 | Spider:4 | Reached skill level 19 in Spellcasting
 43064 | Spider:4 | Reached XP level 18. HP: 103/110 MP: 36/43
 43271 | Spider:4 | Got a gossamer rune of Zot
 43647 | Vaults:1 | Entered Level 1 of the Vaults
 43999 | Vaults:1 | Got a bloodstained buckler
 44010 | Vaults:1 | Identified the +1 buckler "Dosuodd" {rN++ Stlth+} (You found it on level 1 of the Vaults)
 44035 | Vaults:1 | Found Uziaforr's General Store.
 44043 | Vaults:1 | Found Paenus's Book Shop.
 44100 | Vaults:1 | Found a magical portal.
 44132 | WizLab   | Entered The Roulette of Golubria
 44132 | WizLab   | Found a transporter.
 44135 | WizLab   | Found a corrupted altar of Lugonu.
 44276 | WizLab   | Found a transporter.
 44316 | WizLab   | Found a transporter.
 44395 | WizLab   | Found a transporter.
 44395 | WizLab   | Found a transporter.
 44403 | WizLab   | Found a corrupted altar of Lugonu.
 44415 | WizLab   | Found a transporter.
 44415 | WizLab   | Found a transporter.
 44585 | WizLab   | Found a transporter.
 44585 | WizLab   | Found a transporter.
 44619 | WizLab   | Found a transporter.
 44620 | WizLab   | Found the +1 cloak of Starlight {rElec rC+ EV+4 Stlth--}
 44630 | WizLab   | Found a transporter.
 44630 | WizLab   | Found a transporter.
 44877 | WizLab   | Found a transporter.
 44877 | WizLab   | Found a transporter.
 45169 | WizLab   | Found a transporter.
 45355 | WizLab   | Found a transporter.
 45435 | WizLab   | Found a transporter.
 45585 | WizLab   | Found a transporter.
 45733 | WizLab   | Found a transporter.
 45733 | WizLab   | Found a transporter.
 46086 | WizLab   | Got a spiked cloak
 46097 | WizLab   | Identified the +0 cloak of Trial and Error {Str+4 Int-4 Dex+3 Slay-4} (You found it in a wizard's laboratory)
 46115 | WizLab   | Got a bloodstained cloak
 46126 | WizLab   | Identified the cursed +0 cloak of the First Mice {rF- Str+4} (You found it in a wizard's laboratory)
 46386 | Vaults:1 | Bought a wand of clouds (4) for 360 gold pieces
 46386 | Vaults:1 | Bought a scroll of teleportation for 45 gold pieces
 46386 | Vaults:1 | Bought a potion of curing for 45 gold pieces
 46386 | Vaults:1 | Bought a potion of agility for 60 gold pieces
 46412 | Vaults:1 | Reached skill level 10 in Long Blades
 46973 | Vaults:1 | Found Poshrao's Antique Armour Shoppe.
 47251 | Vaults:1 | Reached skill level 15 in Conjurations
 47298 | Vaults:1 | Reached skill level 20 in Spellcasting
 47812 | Vaults:1 | Reached XP level 19. HP: 116/116 MP: 32/45
 47892 | Vaults:1 | Found Ilyeteam's Assorted Antiques.
 47895 | Vaults:1 | Bought a scroll of enchant armour for 300 gold pieces
 49784 | Vaults:2 | Found a staircase to the Crypt.
 49784 | Vaults:2 | Found a basalt altar of Yredelemnul.
 49785 | Vaults:2 | Found an ancient bone altar of Kikubaaqudgha.
 50028 | Vaults:2 | Found Byuq's Weapon Boutique.
 51178 | Vaults:3 | Paralysed by the power of Zot for 4 turns
 51398 | Vaults:3 | Reached skill level 10 in Fire Magic
 51607 | Vaults:3 | Found a roughly hewn altar of Beogh.
 52230 | Vaults:4 | Found Ypiugesm's Assorted Antiques.
 52301 | Vaults:4 | Reached XP level 20. HP: 124/124 MP: 44/46
 54378 | Vaults:4 | Identified the +3 rapier "Rin Jesm" {pierce, +Blink Str-3 Dex+4 Stlth+} (You took it off a yaktaur captain on level 4 of the Vaults)
 54449 | Vaults:4 | Noticed Mennas
 54495 | Vaults:4 | Killed Mennas
 54920 | Vaults:4 | OK, enough for today.
 54920 | Vaults:4 | Upgraded the game from 0.21-a0-616-g6d9b277d69 to 0.21-a0-624-g16f8e2cdda
 55155 | Elf:1    | Entered Level 1 of the Elven Halls
 55563 | Elf:1    | Noticed Nikola
 55571 | Elf:1    | Killed Nikola
 55748 | Elf:1    | Reached XP level 21. HP: 128/128 MP: 13/47
 56579 | Elf:1    | Learned a level 9 spell: Fire Storm
 57008 | Elf:2    | Found a runed gate.
 57008 | Elf:2    | Found a runed gate.
 57008 | Elf:2    | Found a runed gate.
 57374 | Elf:2    | Found a roughly hewn altar of Beogh.
 58300 | Elf:3    | Entered Level 3 of the Elven Halls
 58615 | Elf:3    | Noticed Mara
 59284 | Elf:3    | Killed Mara
 60559 | Elf:3    | Identified Baybbu Hudd's Advanced Theurgy
 60591 | Elf:3    | Reached skill level 15 in Fire Magic
 60593 | Elf:3    | Found the +3 giant club "Skullcrusher" {speed, Str+7}
 60619 | Elf:3    | Identified the Volume of Spatial Self-Improvement
 60835 | Lair:1   | Learned a level 8 spell: Ignition
 60949 | Depths:1 | Entered Level 1 of the Depths
 60956 | Depths:1 | Reached XP level 22. HP: 133/133 MP: 13/48
 61586 | Depths:1 | Found a gateway to Hell.
 62474 | Depths:2 | Noticed the Enchantress
 62477 | Depths:2 | Killed the Enchantress
 63032 | Depths:2 | Got faerie dragon scales
 63043 | Depths:2 | Identified the +0 faerie dragon scales {rC- rCorr Str+10} (You took it off the Enchantress on level 2 of the Depths)
 63065 | Depths:2 | Got a heavily runed bone amulet
 63066 | Depths:2 | Identified the amulet "Korecor" {Gourm Str+6 Int+3} (You found it on level 2 of the Depths)
 63264 | Depths:2 | Found a gateway to a ziggurat.
 64720 | Depths:2 | Found a burning altar of Makhleb.
 64811 | Depths:2 | Found a runed door.
 64812 | Depths:2 | Found a runed door.
 65195 | Depths:3 | Noticed Xtahua
 65205 | Depths:3 | Killed Xtahua
 65303 | Depths:3 | Found a one-way gate leading to the halls of Pandemonium.
 65311 | Depths:3 | Reached XP level 23. HP: 138/138 MP: 40/49
 67023 | Depths:3 | Noticed a caustic shrike
 67027 | Depths:3 | Killed a caustic shrike
 68953 | Depths:4 | Found a one-way gate to the infinite horrors of the Abyss.
 69411 | Depths:5 | Entered Level 5 of the Depths
 69467 | Depths:5 | Noticed Sojobo
 69472 | Depths:5 | Killed Sojobo
 69481 | Depths:5 | Reached XP level 24. HP: 133/144 MP: 16/49
 70125 | Depths:5 | Noticed a juggernaut
 70131 | Depths:5 | Killed a juggernaut
 70226 | Depths:5 | Noticed Jorgrun
 70231 | Depths:5 | Killed Jorgrun
 70975 | Depths:5 | Found a gate to the Realm of Zot.
 71106 | Depths:5 | Upgraded the game from 0.21-a0-624-g16f8e2cdda to 0.21-a0-630-g344d3514eb
 71369 | Crypt:1  | Entered Level 1 of the Crypt
 72671 | Crypt:2  | Reached skill level 21 in Spellcasting
 72947 | Crypt:3  | Entered Level 3 of the Crypt
 73397 | Crypt:3  | Found a basalt altar of Yredelemnul.
 73548 | Crypt:3  | Got a pair of shimmering boots
 73559 | Crypt:3  | Identified the +2 pair of boots of Bad Feelings {rF+ Regen+ Int-4 Dex+2} (You acquired it on level 3 of the Crypt)
 73886 | Crypt:3  | Reached XP level 25. HP: 127/150 MP: 13/50
 74178 | Crypt:3  | Identified the +0 leather armour "Neghul" {rElec rPois Dex+3} (You found it on level 3 of the Crypt)
 74230 | Crypt:3  | Identified the +1 pair of gloves of Ashenzari's Delight {Str+3} (You found it on level 3 of the Crypt)
 74398 | Crypt:3  | Found the +9 sword of Zonguldrok {reap}
 74422 | Crypt:3  | Got an ancient silver ring
 74424 | Crypt:3  | Identified the ring of Cetotema {-Tele +Fly rN+ Int+3} (You found it on level 3 of the Crypt)
 74427 | Crypt:3  | Got a flickering lapis lazuli ring
 74428 | Crypt:3  | Identified the ring "Podaigod" {rC+ rN+} (You found it on level 3 of the Crypt)
 74430 | Crypt:3  | Got a vibrating pewter ring
 74432 | Crypt:3  | Identified the ring of the Twelve Moons {rElec rN+ Dex+4} (You found it on level 3 of the Crypt)
 74470 | Crypt:3  | Noticed an ancient lich
 74525 | Crypt:3  | Killed an ancient lich
 74554 | Crypt:3  | Found a staircase to the Tomb.
 74824 | Crypt:3  | Identified Xucoy's Handbook of Snow and Changing
 75471 | Lair:1   | Learned a level 7 spell: Ring of Flames
 75586 | Slime:1  | Entered Level 1 of the Pits of Slime
 75985 | Slime:5  | Entered Level 5 of the Pits of Slime
 76367 | Slime:5  | Reached skill level 22 in Spellcasting
 76667 | Slime:5  | Noticed the Royal Jelly
 76674 | Slime:5  | Killed the Royal Jelly
 76674 | Slime:5  | Reached skill level 5 in Charms
 76929 | Slime:5  | Found the steaming robe
 76956 | Slime:5  | Identified The Last Almanac of Boris
 77007 | Slime:5  | Got a wavering lead ring
 77017 | Slime:5  | Identified the ring "Ohewkyha" {+Blink rF+ MR+ Int+4 SInv} (You found it on level 5 of the Pits of Slime)
 77053 | Slime:5  | Identified Taabyt's Guide on Dusty Envenoming
 77106 | Slime:5  | Got a slimy rune of Zot
 77871 | Vaults:5 | Entered Level 5 of the Vaults
 78389 | Vaults:5 | Reached XP level 26. HP: 148/159 MP: 25/51
 79473 | Vaults:5 | Identified the amulet of Juom {Gourm -Tele rC+ Stlth+} (You took it off a vault sentinel on level 5 of the Vaults)
 79678 | Vaults:5 | Reached skill level 23 in Spellcasting
 79957 | Vaults:5 | Got a silver rune of Zot
 79959 | Vaults:5 | Identified the Collected Works on Dusty Curses
 79968 | Vaults:5 | Reached skill level 15 in Fighting
 80198 | Vaults:5 | Identified Huach's Handbook of Unstable Malediction
 80208 | Vaults:5 | Identified Syfuv Remmi's Papyrus of Torrid Stones
 80293 | Vaults:5 | Reached skill level 1 in Armour
 80333 | Vaults:5 | Identified the +1 pair of gloves "Ypyama" {rF- rC+ Dex+7} (You found it on level 5 of the Vaults)
 80404 | Vaults:5 | Identified the ring of Heabofav {rElec rC+ rN+++ AC+3 Str-5} (You took it off a yaktaur captain on level 5 of the Vaults)
 81185 | Zot:1    | Entered Level 1 of the Realm of Zot
 81812 | Zot:1    | Reached skill level 10 in Dodging
 81853 | Zot:1    | Reached skill level 5 in Armour
 82686 | Zot:1    | Reached XP level 27. HP: 160/166 MP: 25/52
 83705 | Zot:2    | Reached skill level 24 in Spellcasting
 84117 | Zot:3    | Learned a level 8 spell: Chain Lightning
 84243 | Zot:3    | Reached skill level 1 in Air Magic
 86091 | Zot:5    | Entered Level 5 of the Realm of Zot
 86197 | Zot:5    | Reached skill level 10 in Armour
 86297 | Zot:5    | Reached skill level 5 in Air Magic
 86834 | Zot:5    | Reached skill level 15 in Evocations
 86923 | Zot:5    | Noticed an orb of fire
 86929 | Zot:5    | Gained mutation: Your body sometimes deteriorates upon taking damage. [an orb of fire]
 86930 | Zot:5    | Gained mutation: Your mind is acute. (Int +2) [an orb of fire]
 86938 | Zot:5    | Killed an orb of fire
 87082 | Zot:5    | Noticed an ancient lich
 87085 | Zot:5    | Killed an ancient lich
 87546 | Zot:5    | Noticed an ancient lich
 87550 | Zot:5    | Killed an ancient lich
 87747 | Zot:5    | Noticed an orb of fire
 87749 | Zot:5    | Killed an orb of fire
 87837 | Zot:5    | Noticed an orb of fire
 87839 | Zot:5    | Gained mutation: You tend to lose your temper in combat. [an orb of fire]
 87840 | Zot:5    | Gained mutation: Your magical capacity is low. (-10% MP) [an orb of fire]
 87841 | Zot:5    | Killed an orb of fire
 87859 | Zot:5    | Noticed an orb of fire
 87859 | Zot:5    | Gained mutation: You occasionally shout uncontrollably at your foes. [an orb of fire]
 87864 | Zot:5    | Lost mutation: Your body sometimes deteriorates upon taking damage. [an orb of fire]
 87866 | Zot:5    | Killed an orb of fire
 88174 | Zot:5    | Noticed an orb of fire
 88175 | Zot:5    | Gained mutation: You often lose your temper in combat. [an orb of fire]
 88177 | Zot:5    | Lost mutation: Your mind is acute. (Int +2) [an orb of fire]
 88177 | Zot:5    | Killed an orb of fire
 88264 | Zot:5    | Noticed an ancient lich
 88268 | Zot:5    | Killed an ancient lich
 88268 | Zot:5    | Reached skill level 15 in Dodging
 88768 | Lair:1   | Lost mutation: You occasionally shout uncontrollably at your foes. [potion of mutation]
 88768 | Lair:1   | Lost mutation: You often lose your temper in combat. [potion of mutation]
 88768 | Lair:1   | Lost mutation: Your magical capacity is low. (-10% MP) [potion of mutation]
 88768 | Lair:1   | Lost mutation: You are resistant to hostile enchantments. (MR+) [potion of mutation]
 88768 | Lair:1   | Gained mutation: Your muscles are strong. (Str +2) [potion of mutation]
 88768 | Lair:1   | Gained mutation: Your flesh is heat resistant. (rF+) [potion of mutation]
 88769 | Lair:1   | Lost mutation: Your flesh is heat resistant. (rF+) [potion of mutation]
 88769 | Lair:1   | Lost mutation: Your muscles are strong. (Str +2) [potion of mutation]
 88769 | Lair:1   | Lost mutation: You tend to lose your temper in combat. [potion of mutation]
 88769 | Lair:1   | Lost mutation: You are partially covered in yellow scales. (AC +2) [potion of mutation]
 88769 | Lair:1   | Gained mutation: Armour fits poorly on your strangely shaped body. [potion of mutation]
 88769 | Lair:1   | Gained mutation: You are weak. (Str -2) [potion of mutation]
 88769 | Lair:1   | Gained mutation: You are agile. (Dex +2) [potion of mutation]
 88770 | Lair:1   | Lost mutation: You are agile. (Dex +2) [potion of mutation]
 88770 | Lair:1   | Lost mutation: You are weak. (Str -2) [potion of mutation]
 88770 | Lair:1   | Gained mutation: You are dopey. (Int -2) [potion of mutation]
 88770 | Lair:1   | Gained mutation: You have a pair of small antennae on your head. [potion of mutation]
 89491 | Zot:5    | Got the Orb of Zot
 89563 | Zot:5    | Noticed an ancient lich
 89568 | Zot:5    | Killed an ancient lich
 89569 | Zot:5    | Noticed an ancient lich
 89570 | Zot:5    | Noticed Athamp the pandemonium lord
 89957 | D:14     | Noticed Woragh the pandemonium lord
 90239 | D:$      | Escaped with the Orb!

Vault maps used:
D:1:      dpeg_arrival_boxorama
D:2:      grunt_temple_overflow_open, uniq_natasha, uniq_sigmund,
          uniq_crazy_yiuf_cottage, uniq_jessica
D:3:      kennysheep_slugbush
D:4:      cheibrodos_greedy_goblins, uniq_eustachio, uniq_pikel,
          uniq_blork_the_orc
D:5:      first_ration
D:6:      roderic_serpentine_path, wad_rectangle_vault, uniq_menkaure,
          uniq_edmund
D:7:      minmay_temple_entry_trees
D:9:      erik_lair_orcish_takeover, orc_david_3, st_stairs_14
D:11:     basic_altar, lab_entry_generic, hangedman_ranch
D:13:     david_vaults_4
D:14:     nicolae_gozag_seed_capital, minivault_16
D:15:     grunt_enter_depths_giant_problem, serial_ice, serial_ice_n,
          serial_ice_o, serial_ice_b, serial_ice_e, serial_ice_a, serial_ice_d
Temple:   nicolae_temple_x_marks_the_god
Lair:1:   beast_lair_carwin_7, lemuel_fruit_fields
Lair:2:   spider_nest_entry_webs, minivault_23, nicolae_quartered_pool_medium,
          minmay_stone_trees_large, nzn_random_ring
Lair:3:   infiniplex_staircase_pool
Lair:4:   minmay_swamp_entry_reptiles, nicolae_lair_yak_garden,
          grunt_megastairs_3, lemuel_fruit_tree
Lair:5:   pf_torpor_hydra, grunt_megastairs_2, uniq_josephine
Lair:6:   grunt_lair_end_beastmaster, slime_altar_1,
          grunt_forest_large_clearing_hut
Swamp:1:  basic_altar, st_shrine_of_shade, uniq_aizul
Swamp:2:  evilmike_swamp_ruin_wall, swamp_pool2, cheibrodos_swamp_pet_leeches
Swamp:3:  hangedman_swamp_cone, swamp_pool5, hangedman_swamp_dais
Swamp:4:  swamp, swamp_pool3, uniq_roxanne
Spider:1: uniq_azrael
Spider:2: nicolae_spider_shape
Spider:3: uniq_louise
Spider:4: grunt_spider_rune_circles
Slime:1:  cheibrodos_slime_lost_civilization_4
Orc:1:    lemuel_statue_altar
Orc:2:    grunt_orc_community_town_hall, grunt_orc_community_big_house_1,
          grunt_orc_community_big_house_2, grunt_orc_community_house_1,
          grunt_orc_community_house_2, grunt_orc_community_house_2,
          grunt_orc_community_house_3, grunt_orc_community_house_2, basic_altar,
          minmay_orc_temple_a, uniq_nessos
Elf:1:    elf_arrival_002, hangedman_elf_disciples, statue_in_the_mist_lemuel,
          uniq_nikola
Elf:2:    special_room
Elf:3:    minmay_elf_hall_x, st_stairs_13,
          nicolae_elf_glass_and_crystal_pillar_1, uniq_mara
Vaults:1: v_alt_pattern_2, vaults_room_glass_cross, hangedman_vaults_maws,
          nicolae_vaults_three_branches, v_misc_25,
          ontoclasm_vaults_loading_screen, nicolae_vaults_twisting_passages,
          grunt_vaults_focal, vaults_dpeg_ring,
          nicolae_vaults_mini_display_case, v_alt_pattern_6,
          nicolae_vaults_rhombus_5, infiniplex_enter_wizlab_water, serial_shops,
          nicolae_shop_statue_plus, nicolae_shop_trees,
          nicolae_shop_behind_doors, shop
Vaults:2: minmay_crypt_entry_necro_gods, v_misc_27, hangedman_vaults_snaps,
          v_pattern_4, grunt_vaults_swirl, v_misc_25, vaults_room_hallway,
          serial_shops, shop
Vaults:3: nicolae_vaults_angled_halls, v_misc_18, vaults_room_large_hall,
          nicolae_vaults_triangles, ontoclasm_vaults_tryst, v_misc_14,
          ontoclasm_vaults_decontamination, ontoclasm_vaults_idyll,
          grunt_vaults_diagonal, vaults_mumra_hex, nicolae_vaults_network_s,
          v_misc_29, special_room_vaults, vaults_mumra_hexcomb
Vaults:4: hangedman_vaults_trim, nicolae_vaults_network_square,
          vaults_mumra_minichess_inversion, st_octagons_2,
          dpeg_vaults_monster_row, ontoclasm_vaults_ligature, v_misc_33,
          hangedman_vaults_trim, v_alt_pattern_3, serial_shops,
          nicolae_shop_window_shopping, uniq_mennas
Vaults:5: serial_shops
Crypt:1:  nicolae_crypt_ancient_font
Crypt:3:  grunt_crypt_end_deaths_head
Depths:1: grunt_decor_one_mirror, hangedman_coc_ice_floe, minmay_metal_thing
Depths:2: evilmike_makhleb_hellhole, enter_ziggurat_e, minmay_misc_feat_hallway,
          hellmouth_1, evilmike_ambush, uniq_enchantress
Depths:3: nooodl_heptagram, hell_entry, kennysheep_small_spiral,
          rand_demon_pan_entry_3, uniq_xtahua
Depths:4: hangedman_crystal_crosses_colossus, abyss_entry, pan_entry, hell_entry
Depths:5: evilmike_zot_entry_diamond, minmay_misc_feat_diagonals, hell_entry,
          abyss_entry_small_statue_room, minmay_variable_closet,
          serial_bayou_shore_a, uniq_sojobo, uniq_jorgrun
Zot:1:    nicolae_moth_party, grunt_megastairs_4
Zot:2:    basic_stair_grate_trap
Zot:4:    kennysheep_blocky_room
Zot:5:    st_stairs_4
WizLab:   wizlab_golubria

Skill      XL: |  1  2  3  4  5  6  7  8  9 10 11 12 13 14 15 16 17 18 19 20 21 22 23 24 25 26 27 |
---------------+----------------------------------------------------------------------------------+-----
Necromancy     | 5 6 7 9 |  9.9
Fighting       | 1 2 3 5 7 9 10 11 12 13 14 15 17 | 17.4
Spellcasting   | 4 5 6 7 9 10 11 12 13 14 15 17 18 19 20 21 22 23 24 | 24.0
Charms         | 1 2 6 |  6.0
Shields        | 1 2 3 4 |  4.0
Earth Magic    | 3 6 8 |  8.3
Evocations     | 3 6 8 9 10 12 13 16 | 16.9
Dodging        | 6 8 10 15 | 15.7
Conjurations   | 3 5 8 10 11 13 14 15 16 17 19 20 21 22 23 | 23.7
Fire Magic     | 3 7 9 10 13 15 18 20 22 23 | 23.8
Short Blades   | 3 5 |  5.5
Long Blades    | 1 5 7 9 10 11 13 14 | 14.6
Poison Magic   | 2 6 |  6.7
Armour         | 6 10 | 10.7
Air Magic      | 6 |  6.7
Stealth        | |  2.4

Action                   |  1- 3 |  4- 6 |  7- 9 | 10-12 | 13-15 | 16-18 | 19-21 | 22-24 | 25-27 || total
-------------------------+-------+-------+-------+-------+-------+-------+-------+-------+-------++-------
Melee: Dagger            |    10 |    56 |     1 |       |       |       |       |       |       ||    67
       Rapier            |       |       |   223 |   355 |   661 |   152 |       |       |       ||  1391
       Whip              |       |       |    10 |       |       |       |       |       |       ||    10
       Trident           |       |       |       |     1 |       |       |       |       |       ||     1
       Demon blade       |       |       |       |       |    19 |    97 |   246 |   242 |   112 ||   716
       Eudemon blade     |       |       |       |       |       |       |     7 |   206 |    27 ||   240
       Staff             |       |       |       |       |       |       |       |       |    17 ||    17
 Cast: Pain              |    43 |   101 |    59 |    61 |     1 |       |       |       |       ||   265
       Animate Skeleton  |       |    19 |    23 |    23 |    51 |     2 |       |       |       ||   118
       Vampiric Draining |       |     2 |    34 |    37 |     6 |     1 |       |       |       ||    80
       Regeneration      |       |       |     9 |    10 |    11 |    10 |     4 |     9 |    14 ||    67
       Animate Dead      |       |       |    13 |    29 |    77 |    91 |    59 |    32 |    22 ||   323
       Borgnjor's Vile C |       |       |       |    17 |    15 |     3 |    10 |     5 |     1 ||    51
       Stone Arrow       |       |       |       |   106 |   120 |    69 |    12 |       |       ||   307
       Fireball          |       |       |       |     9 |    72 |    74 |    87 |    34 |    13 ||   289
       Bolt of Fire      |       |       |       |     3 |   180 |   148 |   106 |    86 |    85 ||   608
       Iron Shot         |       |       |       |       |    41 |    61 |    51 |    81 |   116 ||   350
       Poison Arrow      |       |       |       |       |       |   140 |   230 |   127 |   199 ||   696
       Orb of Destructio |       |       |       |       |       |    35 |    29 |    78 |    87 ||   229
       Ignition          |       |       |       |       |       |       |       |    56 |    44 ||   100
       Fire Storm        |       |       |       |       |       |       |       |    17 |    56 ||    73
       Ring of Flames    |       |       |       |       |       |       |       |       |    10 ||    10
       Chain Lightning   |       |       |       |       |       |       |       |       |     4 ||     4
 Abil: Evoke Invisibilit |       |       |       |       |     1 |     3 |       |       |       ||     4
Evoke: Wand              |       |     9 |    39 |    19 |     1 |     3 |     8 |     2 |     6 ||    87
       Staff of energy   |       |       |       |       |       |       |       |       |    56 ||    56
       Box of beasts     |       |       |       |       |       |       |       |       |     1 ||     1
  Use: Potion            |     1 |     1 |     2 |     1 |     2 |     4 |     3 |       |    10 ||    24
       Scroll            |       |       |    23 |    11 |    16 |    14 |    10 |    14 |    12 ||   100
 Stab: Distracted        |       |     3 |       |     1 |     6 |     2 |     2 |     1 |     1 ||    16
       Sleeping          |       |     2 |     1 |     2 |     2 |       |       |     1 |       ||     8
       Paralysed         |       |     1 |     7 |    11 |       |       |       |       |       ||    19
       Petrified         |       |       |       |       |     7 |       |       |       |       ||     7
       Invisible         |       |       |       |       |       |     1 |       |       |       ||     1
  Eat: Chunk             |     3 |     8 |    11 |    12 |    42 |    12 |    40 |    29 |    15 ||   172
       Ration            |       |       |     1 |     5 |    10 |    16 |     1 |    11 |    15 ||    59
Armor: Leather armour    |    10 |    25 |    99 |   134 |   236 |       |       |       |       ||   504
       Skin              |     5 |     1 |     9 |       |       |       |       |       |       ||    15
       Robe              |       |       |       |       |       |    90 |    31 |    70 |    43 ||   234
       Acid dragon scale |       |       |       |       |       |       |       |       |    10 ||    10
Dodge: Dodged            |    14 |    45 |   132 |   262 |   493 |   280 |   182 |   266 |   196 ||  1870
Block: Buckler           |       |     7 |    58 |    94 |   282 |   209 |   128 |   275 |   147 ||  1200
       Reflection        |       |       |       |       |    15 |    14 |    32 |    24 |     8 ||    93
       Rpst.: Demon blade |       |       |       |       |     1 |    16 |    26 |    23 |     8 ||    74
       Eudemon blade     |       |       |       |       |       |       |       |    27 |     5 ||    32

Table legend:
 A = Spawn XP
 B = Non-spawn XP
 C = Spawn XP percentage of total XP
 D = Spawn monster count
 E = Non-spawn monster count
 F = Spawn count percentage of total count
 G = Total turns spent on level
                    A         B        C        D         E        F      G
               +---------+---------+-------+---------+---------+-------+---------
         Total |       0 | 1827979 |   0.0 |       0 |    2691 |   0.0 | 90239
               +---------+---------+-------+---------+---------+-------+---------
           D:1 |       0 |      23 |   0.0 |       0 |      12 |   0.0 |  1643
           D:2 |       0 |     474 |   0.0 |       0 |      31 |   0.0 |  1849
           D:3 |       0 |      81 |   0.0 |       0 |      27 |   0.0 |   790
           D:4 |       0 |    1070 |   0.0 |       0 |      22 |   0.0 |  1140
           D:5 |       0 |     293 |   0.0 |       0 |      11 |   0.0 |   666
           D:6 |       0 |    1044 |   0.0 |       0 |      26 |   0.0 |  1082
           D:7 |       0 |     273 |   0.0 |       0 |      10 |   0.0 |   525
           D:8 |       0 |    1053 |   0.0 |       0 |      17 |   0.0 |   820
           D:9 |       0 |    1964 |   0.0 |       0 |      28 |   0.0 |  1576
          D:10 |       0 |    3786 |   0.0 |       0 |      37 |   0.0 |  1142
          D:11 |       0 |    4910 |   0.0 |       0 |      33 |   0.0 |  1342
          D:12 |       0 |    5008 |   0.0 |       0 |      31 |   0.0 |   676
          D:13 |       0 |   11097 |   0.0 |       0 |      31 |   0.0 |  2240
          D:14 |       0 |   13174 |   0.0 |       0 |      29 |   0.0 |  1695
          D:15 |       0 |   17207 |   0.0 |       0 |      56 |   0.0 |  1698
        Lair:1 |       0 |    5106 |   0.0 |       0 |      23 |   0.0 |  1393
        Lair:2 |       0 |    3540 |   0.0 |       0 |      16 |   0.0 |  1155
        Lair:3 |       0 |    3103 |   0.0 |       0 |      18 |   0.0 |   966
        Lair:4 |       0 |   11199 |   0.0 |       0 |      30 |   0.0 |  2229
        Lair:5 |       0 |    6714 |   0.0 |       0 |      27 |   0.0 |  1688
        Lair:6 |       0 |   19750 |   0.0 |       0 |      53 |   0.0 |  1770
       Swamp:1 |       0 |   13073 |   0.0 |       0 |      54 |   0.0 |  1913
       Swamp:2 |       0 |   11379 |   0.0 |       0 |      43 |   0.0 |  1509
       Swamp:3 |       0 |   19281 |   0.0 |       0 |      57 |   0.0 |  2585
       Swamp:4 |       0 |   31948 |   0.0 |       0 |      73 |   0.0 |  1336
      Spider:1 |       0 |   12019 |   0.0 |       0 |      41 |   0.0 |  1555
      Spider:2 |       0 |   16763 |   0.0 |       0 |      36 |   0.0 |  2259
      Spider:3 |       0 |   14416 |   0.0 |       0 |      30 |   0.0 |   920
      Spider:4 |       0 |   47677 |   0.0 |       0 |      97 |   0.0 |  2550
       Slime:1 |       0 |    9548 |   0.0 |       0 |      17 |   0.0 |   105
       Slime:2 |       0 |    6673 |   0.0 |       0 |      12 |   0.0 |   111
       Slime:3 |       0 |    1254 |   0.0 |       0 |       5 |   0.0 |    28
       Slime:4 |       0 |   19433 |   0.0 |       0 |      27 |   0.0 |   500
       Slime:5 |       0 |   38529 |   0.0 |       0 |      29 |   0.0 |   704
         Orc:1 |       0 |    5146 |   0.0 |       0 |      26 |   0.0 |  1125
         Orc:2 |       0 |   13630 |   0.0 |       0 |     109 |   0.0 |  2343
         Elf:1 |       0 |   37620 |   0.0 |       0 |      56 |   0.0 |  1538
         Elf:2 |       0 |   46423 |   0.0 |       0 |      80 |   0.0 |  1949
         Elf:3 |       0 |   60195 |   0.0 |       0 |      55 |   0.0 |  1996
      Vaults:1 |       0 |   66894 |   0.0 |       0 |     115 |   0.0 |  2462
      Vaults:2 |       0 |   39084 |   0.0 |       0 |      68 |   0.0 |  2339
      Vaults:3 |       0 |   46009 |   0.0 |       0 |      81 |   0.0 |  1933
      Vaults:4 |       0 |   93430 |   0.0 |       0 |     117 |   0.0 |  3291
      Vaults:5 |       0 |  149324 |   0.0 |       0 |     126 |   0.0 |  2272
       Crypt:1 |       0 |   18738 |   0.0 |       0 |      38 |   0.0 |   813
       Crypt:2 |       0 |   35324 |   0.0 |       0 |      42 |   0.0 |   790
       Crypt:3 |       0 |   77840 |   0.0 |       0 |     124 |   0.0 |  2080
      Depths:1 |       0 |   41174 |   0.0 |       0 |      56 |   0.0 |  2302
      Depths:2 |       0 |   87140 |   0.0 |       0 |      96 |   0.0 |  2387
      Depths:3 |       0 |   75194 |   0.0 |       0 |      63 |   0.0 |  2429
      Depths:4 |       0 |   71053 |   0.0 |       0 |      53 |   0.0 |  2207
      Depths:5 |       0 |   76464 |   0.0 |       0 |      62 |   0.0 |  1728
         Zot:1 |       0 |   93010 |   0.0 |       0 |      59 |   0.0 |  1955
         Zot:2 |       0 |   32835 |   0.0 |       0 |      19 |   0.0 |   827
         Zot:3 |       0 |   26986 |   0.0 |       0 |      15 |   0.0 |   920
         Zot:4 |       0 |   58580 |   0.0 |       0 |      37 |   0.0 |  1421
         Zot:5 |       0 |  204149 |   0.0 |       0 |      66 |   0.0 |  2800
        WizLab |       0 |   18875 |   0.0 |       0 |      39 |   0.0 |  2113
               +---------+---------+-------+---------+---------+-------+---------
